 Dungeon Crawl Stone Soup version 0.29.1-15-g9cfb28693d (webtiles) character file.

Game seed: 2664607504758526081

63 Labrat the Digger (level 4, -4/33 HPs)
             Began as a Meteoran Earth Elementalist on Aug 26, 2023.
             Slain by Sigmund
             ... wielding a +0 scythe
              (8 damage)
             ... on level 2 of the Dungeon.
             The game lasted 00:05:14 (448 turns).

Labrat the Digger (Meteoran Earth Elementalist)      Turns: 448, Time: 00:05:14

Health: -4/33      AC:  2    Str:  9    XL:     4   Next: 55%
Magic:  3/10       EV: 12    Int: 18    God:
Gold:   57         SH:  0    Dex: 15    Spells: 6/9 levels left

rFire   . . .      SeeInvis .   (no weapon)
rCold   . . .      Faith    .   (no shield)
rNeg    . . .      Spirit   .   a - +0 robe
rPois   .          Reflect  .   (no helmet)
rElec   .          Harm     .   (no cloak)
rCorr   .          Rampage  .   (no gloves)
Will    .....                   (no boots)
Stlth   +.........              (no amulet)
HPRegen 0.11/turn               (no ring)
MPRegen 0.12/turn               (no ring)

@: glowing
A: sense surroundings 1, otherworldly, glowing, explore regen
a: no special abilities


You were on level 2 of the Dungeon.
You visited 1 branch of the dungeon, and saw 2 of its levels.

You collected 57 gold pieces.

Inventory:

Armour
 a - a +0 robe (worn)
Scrolls
 c - a scroll of torment {unknown}
 d - a scroll of teleportation {unknown}
 e - a scroll of fear {unknown}
 f - a scroll of enchant armour {unknown}
 h - 2 scrolls of vulnerability {unknown}
 k - a scroll of blinking {unknown}
 m - a scroll of enchant weapon {unknown}
 n - a scroll of brand weapon {unknown}
Potions
 b - a potion of magic
 g - 2 potions of lignification {unknown}
 i - 2 potions of curing {unknown}
 j - 3 potions of might {unknown}
 l - a potion of heal wounds {unknown}


   Skills:
 - Level 2.4 Dodging
 - Level 1.4 Stealth
 + Level 3.4 Spellcasting
 + Level 2.4 Transmutations
 * Level 4.9 Earth Magic


You had 6 spell levels left.
You knew the following spells:

 Your Spells              Type           Power      Damage    Failure   Level
a - Sandblast             Erth           40%        2d10      1%          1
b - Passwall              Tmut/Erth      13%        N/A       5%          2

Your spell library contained the following spells:

 Spells                   Type           Power      Damage    Failure   Level
 Shock                    Conj/Air       12%        1d3       16%         1
 Stone Arrow              Conj/Erth      24%        3d8       17%         3
 Petrify                  Tmut/Erth      16%        N/A       34%         4
 Dazzling Flash           Conj/Hex       6%         N/A       43%         3
 Swiftness                Air            3%         N/A       43%         3
 Airstrike                Air            1%         2d(1-17)  83%         4
 Agony                    Necr           3%         N/A       99%         5
 Silence                  Hex/Air        1%         N/A       99%         5


Dungeon Overview and Level Annotations

Branches:
Dungeon (2/15) Zot: 727

Altars:

Annotations:
D:2 Sigmund


Innate Abilities, Weirdness & Mutations

You passively map a small area around you.
You are easily found by Zot.
You glow in the dark.
You regain HP and MP as you explore.


Message History

Press: ? - help, Shift-Dir - straight line, f/p - Sigmund
Aim: Sigmund, wielding a +0 scythe and wearing a +2 robe of willpower (lightly wounded, 81% to hit)
The blast of sand hits Sigmund.
Sigmund is heavily wounded.
Sigmund closely misses you.
Casting: Sandblast (safe; 1% risk of failure)
Confirm with . or Enter, or press ? or * to list all spells.
Aiming: Sandblast (safe; 1% risk of failure)
Press: ? - help, Shift-Dir - straight line, f/p - Sigmund
Aim: Sigmund, wielding a +0 scythe and wearing a +2 robe of willpower (heavily wounded, 81% to hit)
The blast of sand hits Sigmund.
Sigmund is severely wounded.
Sigmund completely misses you.
Casting: Sandblast (safe; 1% risk of failure)
Confirm with . or Enter, or press ? or * to list all spells.
Aiming: Sandblast (safe; 1% risk of failure)
Press: ? - help, Shift-Dir - straight line, f/p - Sigmund
Aim: Sigmund, wielding a +0 scythe and wearing a +2 robe of willpower (severely wounded, 81% to hit)
The blast of sand hits Sigmund.
Sigmund is severely wounded.
Sigmund hits you from afar with a +0 scythe!
* * * LOW HITPOINT WARNING * * *
Casting: Sandblast (safe; 1% risk of failure)
Confirm with . or Enter, or press ? or * to list all spells.
Aiming: Sandblast (safe; 1% risk of failure)
Press: ? - help, Shift-Dir - straight line, f/p - Sigmund
Aim: Sigmund, wielding a +0 scythe and wearing a +2 robe of willpower (severely wounded, 81% to hit)
The blast of sand hits Sigmund.
Sigmund is almost dead.
Sigmund casts a spell at you. The magic dart hits you.
* * * LOW HITPOINT WARNING * * *
Casting: Sandblast (safe; 1% risk of failure)
Confirm with . or Enter, or press ? or * to list all spells.
Aiming: Sandblast (safe; 1% risk of failure)
Press: ? - help, Shift-Dir - straight line, f/p - Sigmund
Aim: Sigmund, wielding a +0 scythe and wearing a +2 robe of willpower (almost dead, 81% to hit)
The blast of sand misses Sigmund.
Sigmund hits you from afar with a +0 scythe!
You die...

* ######### ,
.....@.># , ** , #@#
####### #.# #.....#
####+##.# #.###.# ,,
........# #.#<..#
........# #.#####
........# #....#
........########.#
..............##.####
........#####.##....#


You could see Sigmund.

Vanquished Creatures
  2 adders (D:2)
  A gnoll (D:1)
  A worm (D:2)
  A dart slug (D:2)
  2 giant cockroaches
  2 goblins (D:1)
  8 hobgoblins
  2 kobolds
  A quokka (D:1)
  2 ball pythons (D:1)
  3 frilled lizards
  4 rats
29 creatures vanquished.

Notes
Turn   | Place    | Note
-------+----------+-------------------------------------------
     0 | D:1      | Labrat the Meteoran Earth Elementalist began the quest for
                  | the Orb.
     0 | D:1      | Reached XP level 1. HP: 14/14 MP: 5/5
    52 | D:1      | You fall into a shaft and drop 1 floor!
    95 | D:1      | Reached XP level 2. HP: 9/20 MP: 1/6
   111 | D:1      | Reached skill level 4 in Earth Magic
   177 | D:2      | Reached XP level 3. HP: 26/26 MP: 6/8
   197 | D:1      | Found a faded altar of an unknown god.
   206 | D:1      | Reached XP level 4. HP: 33/33 MP: 4/9
   321 | D:1      | Learned a level 2 spell: Passwall
   441 | D:2      | Noticed Sigmund
   448 | D:2      | Slain by Sigmund

Illustrated notes

Levels and vault maps discovered:
D:1:      eino_arrival_cavern_a, layout_rooms,
          shapermc_ecumenical_altar_starsandcircs
D:2:      layout_basic, uniq_sigmund

Skill      XL: |  1  2 |
---------------+-------+-----
Earth Magic    | 4 |  4.9
Spellcasting   | 3 |  3.4
Transmutations | 2 |  2.4
Dodging        | |  2.4
Stealth        | |  1.4

Action                   |  1- 3 |  4- 6 || total
-------------------------+-------+-------++-------
Melee: Unarmed           |    10 |     1 ||    11
 Cast: Sandblast         |    26 |    24 ||    50
       Passwall          |       |     1 ||     1
Armor: Robe              |     2 |     1 ||     3
Dodge: Dodged            |    10 |     4 ||    14
